 Dungeon Crawl Stone Soup version 0.27-a0-78-g75406f0b48 (webtiles) character file.

Game seed: 8356995059909257951

4 dickylongcocking the Skirmisher (level 1, -4/18 HPs)
             Began as a Formicid Abyssal Knight on Jan 14, 2021.
             Was an Initiate of Lugonu.
             Slain by a kobold
             ... wielding a +0 whip
              (6 damage)
             ... on level 1 of the Dungeon.
             The game lasted 00:00:19 (109 turns).

dickylongcocking the Skirmisher (FoAK)               Turns: 109, Time: 00:00:19

Health: -4/18      AC:  3    Str: 16    XL:     1   Next: 66%
Magic:  2/2        EV: 11    Int: 11    God:    Lugonu [......]
Gold:   0          SH:  0    Dex: 10    Spells: 0/0 levels left

rFire    . . .     SeeInvis +   a - +1 hand axe
rCold    . . .     Faith    .   (no shield)
rNeg     . . .     Spirit   .   b - +0 leather armour
rPois    .         Reflect  .   (helmet unavailable)
rElec    .         Harm     .   (no cloak)
rCorr    .         Rampage  .   (no gloves)
Will     .....                  (no boots)
Stlth    +.........             (no amulet)
HPRegen  0.06/turn              (no ring)
MPRegen  0.08/turn              (no ring)

@: no status effects
A: permanent stasis, dig shafts and tunnels, four strong arms, antennae 3
a: Dig, Shaft Self, Renounce Religion


You were on level 1 of the Dungeon.
You worshipped Lugonu.
Lugonu was noncommittal.
You visited 1 branch of the dungeon, and saw 1 of its levels.
You visited the Abyss 1 time.

Inventory:

Hand Weapons
 a - a +1 hand axe (weapon)
Armour
 b - a +0 leather armour (worn)
Scrolls
 d - a scroll of blinking {unknown}
Potions
 c - a potion of curing {unknown}


   Skills:
 - Level 3.2 Fighting
 * Level 2.4 Axes
 - Level 2.1 Armour
 - Level 0.8 Dodging
 - Level 2.1 Invocations


You couldn't memorise any spells.
You didn't know any spells.
Your spell library was empty.

Dungeon Overview and Level Annotations

Branches:
Dungeon (1/15)

Altars:


Innate Abilities, Weirdness & Mutations

You cannot be hasted, slowed, berserked, paralysed or teleported.
You can dig through walls and to a lower floor.
Your four strong arms can wield two-handed weapons with a shield.
You have a pair of large antennae on your head. (SInv)


Message History

The kobold is severely wounded.
The kobold hits you but does no damage.
You are too injured to fight recklessly!
You closely miss the kobold.
The kobold is severely wounded.
The kobold closely misses you. The kobold hits you with a +0 whip.
* * * LOW HITPOINT WARNING * * *
You are too injured to fight recklessly!
You barely miss the kobold.
The kobold is severely wounded.
The kobold completely misses you.
Unknown command.
Unknown command.
You don't know any spells.
Okay, then.
Unknown command.
You closely miss the kobold.
The kobold is severely wounded.
The kobold hits you with a +0 whip.
You die...

########
#......#########.
##...##..@Kg......
#P...P#####)......
##.†.## .......
#P...P# .......
##...## .......
#P...P# .......
##...## .......
#P.P.P# .......
##.P.##


You could see a goblin and a kobold.

Vanquished Creatures
  A giant cockroach (D:1)
  A frilled lizard (D:1)
  2 goblins (D:1)
  A kobold (D:1)
5 creatures vanquished.

Notes
Turn   | Place    | Note
-------+----------+-------------------------------------------
     0 | Abyss:1  | dickylongcocking the Formicid Abyssal Knight began the
                  | quest for the Orb.
     0 | Abyss:1  | Reached XP level 1. HP: 18/18 MP: 2/2
    54 | Abyss:1  | Noticed a ynoxinul
    55 | D:1      | Escaped the Abyss
   109 | D:1      | Slain by a kobold

Illustrated notes

Levels and vault maps discovered:
D:1:      minmay_arrival_plants_in_alcoves, layout_basic,
          minmay_indecisive_spiral

Action                   || total
-------------------------++-------
Melee: Hand axe          ||    24
Invok: Depart the Abyss  ||     1
Armor: Leather armour    ||     3
Dodge: Dodged            ||    13

Table legend: (Time is in decaauts)
 A = Elapsed time spent in this place.
 B = Non-inter-level travel time spent in this place.
 C = Inter-level travel time spent in this place.
 D = Time resting spent in this place.
 E = Time spent auto-exploring this place.
 F = Levels seen in this place.
 G = Mean time per level.
                   A        B        C        D        E       F      G
               +--------+--------+--------+--------+--------+-----+--------+
         Total |    113 |    113 |      0 |      0 |     66 |   2 |   56.5 |
       Dungeon |     58 |     58 |      0 |      0 |     19 |   1 |   58.0 |
         Abyss |     55 |     55 |      0 |      0 |     47 |   1 |   55.0 |
               +--------+--------+--------+--------+--------+-----+--------+

Top non-repeatable levels by time:
     D:1: 58 daAuts
 Abyss:1: 55 daAuts
